 Dungeon Crawl Stone Soup version 0.30-b1-2-g02819fbbbe (webtiles) character file.

Game seed: 2557666103858209486

290 MisterFreud the Changer (level 6, -1/51 HPs)
             Began as a Draconian Transmuter on June 23, 2023.
             Was an Initiate of Ru.
             Slain by Prince Ribbit (13 damage)
             ... on level 5 of the Dungeon.
             The game lasted 00:05:21 (4187 turns).

MisterFreud the Changer (Draconian Transmuter)      Turns: 4187, Time: 00:05:21

Health: -1/51      AC:  2    Str: 13    XL:     6   Next: 9%
Magic:  7/9        EV: 19    Int: 15    God:    Ru [......]
Gold:   248        SH:  0    Dex: 16    Spells: 5/9 levels left

rFire   . .          .
                       - Unarmed
rCold   . . .        (shield currently unavailable)
rNeg    + . .        (body armour unavailable)
rPois   x            (helmet currently unavailable)
rElec   .            m - melded +0 cloak
rCorr   .            (gloves currently unavailable)
SInv    .            (boots currently unavailable)
Will    .....        (no amulet)
Stlth   +            h - ring of positive energy
HPRegen 0.28/turn    (no ring)
MPRegen 0.11/turn

%: no passive effects
@: spider-form (expiring)
A: venomous fangs, AC +6, tiny, unfitting armour, (cold-blooded)
a: End Transformation, Renounce Religion


You were on level 5 of the Dungeon.
You worshipped Ru.
Ru was noncommittal.
You were a venomous arachnid creature.
You visited 2 branches of the dungeon, and saw 6 of its levels.

You collected 248 gold pieces.

Inventory:

Hand Weapons
 b - a +2 short sword of draining
Missiles
 f - 7 poisoned darts
 p - 6 boomerangs
Armour
 m - a +0 cloak (melded)
Jewellery
 d - an amulet of faith
 h - a ring of positive energy (left front pincers)
 q - a +4 ring of protection
Wands
 l - a wand of flame (11)
Scrolls
 n - a scroll of blinking
 r - a scroll of amnesia {unknown}
Potions
 a - a potion of lignification
 c - 2 potions of brilliance
 e - a potion of cancellation
 g - 3 potions of flight
 i - a potion of curing
 j - a potion of mutation {unknown}
 k - a potion of heal wounds {unknown}
 o - a potion of might {unknown}
 s - a potion of magic {unknown}


   Skills:
 + Level 3.2 Fighting
 - Level 1.7 Dodging
 + Level 4.1 Unarmed Combat
 - Level 2.0 Spellcasting
 - Level 5.0 Transmutations


You had 5 spell levels left.
You knew the following spells:

 Your Spells              Type           Power      Damage    Failure   Level
a - Beastly Appendage     Tmut           32%        N/A       10%         1
b - Spider Form           Tmut/Pois      9%         N/A       45%         3

Your spell library contained the following spells:

 Spells                   Type           Power      Damage    Failure   Level
 Wereblood                Tmut           16%        N/A       13%         2
 Summon Small Mammal      Summ           4%         N/A       43%         1
 Call Canine Familiar     Summ           1%         N/A       75%         3
 Portal Projectile        Hex/Tloc       2%         N/A       75%         3
 Summon Guardian Golem    Hex/Summ       1%         N/A       75%         3
 Ice Form                 Ice/Tmut       9%         N/A       80%         4
 Leda's Liquefaction      Hex/Erth       0%         N/A       98%         4


Dungeon Overview and Level Annotations

Branches:
Dungeon (5/15)             Temple (1/1) D:4

Altars:
Ashenzari
Cheibriados
Dithmenos
Elyvilon
Fedhas
Hepliaklqana
Makhleb
Nemelex Xobeh
Okawaru
Qazlal
Ru
Trog
Xom
The Shining One

Annotations:
D:5 Prince Ribbit


Innate Abilities, Weirdness & Mutations

You are a venomous arachnid creature.
You have venomous fangs.
You are tiny and dextrous.
Your spellcasting is less reliable in this form.
Your armour is entirely melded.
You are incapable of wielding weapons or throwing items.
((Your plain brown scales are hard. (AC +6)))
You cannot fit into any form of body armour.
((You are cold-blooded and may be slowed by cold attacks.))


Message History

The ufetubus closely misses you. The ufetubus misses you. x2
The ufetubus barely misses you.
You hit the ufetubus.
You kill the ufetubus!
The ufetubus misses you. The ufetubus closely misses you.
You hit the ufetubus but do no damage. The ufetubus misses you. x2
Prince Ribbit blinks!
You hit the ufetubus.
The ufetubus is moderately wounded.
The ufetubus misses you. x2; The ufetubus hits you. x2
You bite the ufetubus!
You kill the ufetubus!
You hit the white imp but do no damage. The white imp gestures at you.
The puff of frost hits you!
You hit the white imp.
The white imp is moderately wounded.
Your transformation is almost over.
The white imp gestures at you. The puff of frost misses you.
You hit the white imp.
The white imp is severely wounded.
Prince Ribbit blinks!
The white imp completely misses you.
You hit the white imp.
The white imp is severely wounded.
Prince Ribbit blinks!
The white imp completely misses you.
You barely miss the white imp.
The white imp is severely wounded.
The white imp closely misses you.
You bite the white imp!
You kill the white imp!
Aiming: Throw Flame
Press: ? - help, Shift-Dir - straight line, f - Prince Ribbit
Aim: Prince Ribbit (45% to hit)
The puff of flame misses Prince Ribbit.
Unknown command.
You closely miss Prince Ribbit. Prince Ribbit hits you! x2
* * * LOW HITPOINT WARNING * * *
You barely miss Prince Ribbit. Prince Ribbit hits you!
You die...

#.#.≈≈.####.####.###..##.
#..P...# .####.# ..#
...#..... #....# ..#
....+...... #....# .#
##..##...##.. ##...# ##
### #...##.. ##.†.## #..
#.....# #.. #.....# #..
##s#..# ###..###F####
##..[......# ...........#
..§........# .§§........#
.§§..####### ....# ####


You could see Prince Ribbit.

Vanquished Creatures
  Crazy Yiuf (D:2)
  Terence (D:2)
  An orc wizard (D:5)
  4 gnolls (D:3)
  4 adders
  A shadow imp (D:5)
  A white imp (D:5)
  2 ufetubi (D:5)
  A worm (D:2)
  5 dart slugs
  4 orcs (D:5)
  14 ball pythons
  5 bats
  3 endoplasms
  7 giant cockroaches
  5 goblins
  4 hobgoblins
  8 jackals (D:2)
  9 kobolds
  5 quokkas
  2 frilled lizards (D:1)
  12 rats
99 creatures vanquished.

Vanquished Creatures (others)
  A fungus (D:2)
1 creature vanquished.

Grand Total: 100 creatures vanquished

Notes
Turn   | Place    | Note
-------+----------+-------------------------------------------
     0 | D:1      | MisterFreud the Draconian Transmuter began the quest for
                  | the Orb.
     0 | D:1      | Reached XP level 1. HP: 16/16 MP: 3/3
   305 | D:1      | Reached XP level 2. HP: 19/23 MP: 5/5
   355 | D:1      | Reached skill level 3 in Transmutations
   877 | D:1      | Reached XP level 3. HP: 28/28 MP: 6/6
  1089 | D:1      | Learned a level 3 spell: Spider Form
  1510 | D:2      | Noticed Terence
  1522 | D:2      | Killed Terence
  1523 | D:2      | Reached skill level 4 in Transmutations
  1523 | D:2      | Reached XP level 4. HP: 4/35 MP: 4/7
  1988 | D:2      | Reached skill level 5 in Transmutations
  2125 | D:2      | Found a runed translucent door.
  2126 | D:2      | Noticed Crazy Yiuf
  2495 | D:2      | Killed Crazy Yiuf
  2496 | D:2      | Reached XP level 5. HP: 11/41 MP: 1/8
  2642 | D:3      | Found a faded altar of an unknown god.
  3169 | D:3      | Found an iron altar of Okawaru.
  3169 | D:3      | Found a bloodstained altar of Trog.
  3891 | D:4      | Found a staircase to the Ecumenical Temple.
  3900 | Temple   | Entered the Ecumenical Temple
  3933 | Temple   | Became a worshipper of Ru the Awakened
  4017 | D:5      | Entered Level 5 of the Dungeon
  4099 | D:5      | Reached XP level 6. HP: 36/51 MP: 4/9
  4167 | D:5      | Noticed Prince Ribbit
  4187 | D:5      | Slain by Prince Ribbit

Illustrated notes

Levels and vault maps discovered:
D:1:      dpeg_arrival_solitude, layout_basic
D:2:      layout_basic, serial_rivers, chequers_serial_rivers_large_b,
          chequers_serial_rivers_small_b, chequers_serial_rivers_micro_e,
          chequers_serial_rivers_room_a, uniq_crazy_yiuf_cottage, uniq_terence
D:3:      layout_basic, grunt_temple_overflow_bloody_war,
          nicolae_ecumenical_pavilion
D:4:      layout_rooms, minmay_temple_entry_fiery
D:5:      layout_gridville, marbit_many_paths, serial_demonic, serial_demonic_g,
          serial_demonic_a, serial_demonic_f, serial_demonic_a,
          serial_demonic_c, serial_demonic_b, serial_demonic_f,
          serial_demonic_b, uniq_blork_the_orc, uniq_duvessa, uniq_eustachio,
          uniq_prince_ribbit1
Temple:   nicolae_temple_godzebo

Skill      XL: |  1  2  3  4  5 |
---------------+----------------+-----
Transmutations | 3 4 5 |  5.0
Fighting       | 3 |  3.2
Unarmed Combat | 4 |  4.1
Dodging        | |  1.7
Spellcasting   | |  2.0

Action                     |  1- 3 |  4- 6 || total
---------------------------+-------+-------++-------
  Melee: Unarmed           |   181 |   247 ||   428
         Tailslap          |    13 |    27 ||    40
         Punch             |     5 |     3 ||     8
   Cast: Spider Form       |     2 |     5 ||     7
  Evoke: Wand              |       |     1 ||     1
    Use: Scroll            |     1 |     6 ||     7
   Stab: Sleeping          |     3 |     1 ||     4
 Armour: Skin              |    80 |    68 ||   148
  Dodge: Dodged            |   142 |   152 ||   294
